 Dungeon Crawl Stone Soup version 0.29.0-4-gdea44cf6ec (webtiles) character file.

Game seed: 3280878710040156059

28 qw the Chopper (level 3, 0/21 HPs)
             Began as a Tengu Warper on Aug 28, 2022.
             Succumbed to a goblin's poison
             ... on level 1 of the Dungeon.
             The game lasted 00:00:04 (578 turns).

qw the Chopper (Tengu Warper)                        Turns: 578, Time: 00:00:04

Health: 0/21       AC:  3    Str: 13    XL:     3   Next: 14%
Magic:  7/7        EV: 12    Int: 13    God:
Gold:   48         SH:  0    Dex: 13    Spells: 6/6 levels left

rFire   . . .      SeeInvis .   Y - +0 hand axe
rCold   . . .      Faith    .   (no shield)
rNeg    . . .      Spirit   .   b - +0 leather armour
rPois   .          Reflect  .   (helmet restricted)
rElec   .          Harm     .   (no cloak)
rCorr   .          Rampage  .   (no gloves)
Will    .....                   (boots unavailable)
Stlth   +.........              (no amulet)
HPRegen 0.07/turn               (no ring)
MPRegen 0.10/turn               (no ring)

@: lethally poisoned (0 -> -4)
A: beak, talons 3
a: no special abilities


You were on level 1 of the Dungeon.
You visited 1 branch of the dungeon, and saw 2 of its levels.

You collected 48 gold pieces.


Innate Abilities, Weirdness & Mutations

You have a beak for a mouth.
You have claws for feet.


   Skills:
 - Level 2.0 Fighting
 + Level 3.9 Axes
 - Level 1.0 Throwing
 - Level 1.1 Armour
 - Level 2.1 Dodging
 - Level 2.0 Spellcasting
 - Level 2.4 Translocations


You had 6 spell levels left.
You didn't know any spells.
Your spell library contained the following spells:

 Spells                   Type           Power      Damage    Failure   Level
 Blink                    Tloc           14%        N/A       19%         2
 Gell's Gravitas          Tloc           7%         N/A       36%         3
 Lesser Beckoning         Tloc           7%         N/A       36%         3
 Teleport Other           Tloc           7%         N/A       36%         3
 Manifold Assault         Tloc           7%         N/A       98%         5

Inventory:

Hand Weapons
 h - a +0 whip
 Y - a +0 hand axe (weapon)
Armour
 b - a +0 leather armour (worn)
 d - a +0 ring mail
Scrolls
 c - a scroll of poison {unknown}
 e - a scroll of identify
Potions
 a - a potion of attraction {unknown}
 g - a potion of berserk rage {unknown}

Dungeon Overview and Level Annotations

Branches:
Dungeon (2/15)

Altars:


Message History

You hit the goblin. Your kick misses the goblin. Your peck misses the goblin.
The goblin is heavily wounded.
You completely miss the dart slug.
You feel very sick. The goblin hits you but does no damage.
You are lethally poisoned!
The dart slug barely misses you.
You hit the goblin.
You kill the goblin!
You hit the goblin.
You kill the goblin!
You hit the dart slug. You barely miss the frilled lizard.
You feel very sick.
The frilled lizard bites you but does no damage.
You have reached level 3!
Your experience leads to an increase in your attributes!
Increase (S)trength, (I)ntelligence, or (D)exterity?
You feel stronger. x2
You hit the dart slug.
The dart slug is heavily wounded.
You closely miss the frilled lizard.
You feel very sick. The dart slug misses you.
The frilled lizard barely misses you.
You hit the dart slug but do no damage. You claw the dart slug.
You peck the dart slug.
The dart slug is severely wounded.
You closely miss the frilled lizard.
You feel sick. The frilled lizard misses you.
The dart slug bites you but does no damage.
You hit the dart slug.
You peck the dart slug, but do no damage.
The dart slug is almost dead.
You hit the frilled lizard.
You kill the frilled lizard!
You feel sick. The dart slug closely misses you.
You hit the dart slug.
You kill the dart slug!
You feel sick.
There is a lethal amount of poison in your body!
You die...

............##.....#
.....)%...#.##.....#
.....#...##.##.....#
.).......##.##.....#
.........##........# #
#........####.#####..#
#.....#..# #....##.##
##.... .....####....#
.......@.###
##.###))..# .........
#.##........ ...
#........ ...
#........ ..?.
....(.... ...
....)....


There were no monsters in sight!

Vanquished Creatures
  A worm (D:2)
  A dart slug (D:1)
  4 endoplasms (D:2)
  5 goblins
  2 kobolds (D:1)
  3 ball pythons (D:1)
  2 bats
  2 frilled lizards (D:1)
  2 rats (D:1)
22 creatures vanquished.

Notes
Turn   | Place    | Note
-------+----------+-------------------------------------------
     0 | D:1      | qw the Tengu Warper began the quest for the Orb.
     0 | D:1      | Reached XP level 1. HP: 12/12 MP: 4/4
     0 | D:1      | 0 ||| qw: Version: 0.1-a-89-g26bdef1
     0 | D:1      | 0 ||| qw: Game counter: 340
     0 | D:1      | 0 ||| qw: Always use a shield: true
     0 | D:1      | 0 ||| qw: God list: Okawaru
     0 | D:1      | 0 ||| qw: Allow faded altars: false
     0 | D:1      | 0 ||| qw: Do Orc after D:15 true
     0 | D:1      | 0 ||| qw: Do second Lair branch before Depths: true
     0 | D:1      | 0 ||| qw: Lair rune preference: random
     0 | D:1      | 0 ||| qw: Plans: Normal
     0 | D:1      | 0 ||| PLANNING D:1-11
    30 | D:1      | 30 ||| Stepping ~*~*~tactically~*~*~ (stealth).
    31 | D:1      | 31 ||| Stepping ~*~*~tactically~*~*~ (stealth).
    53 | D:1      | Reached XP level 2. HP: 13/17 MP: 6/6
   145 | D:1      | Reached skill level 3 in Axes
   149 | D:1      | 149 ||| Stepping ~*~*~tactically~*~*~ (stealth).
   193 | D:1      | You fall into a shaft and drop 1 floor!
   311 | D:2      | 311 ||| DROPPING +0 club.
   351 | D:2      | 351 ||| Stepping ~*~*~tactically~*~*~ (stealth).
   352 | D:2      | 352 ||| Stepping ~*~*~tactically~*~*~ (stealth).
   482 | D:2      | Found a faded altar of an unknown god.
   525 | D:2      | 525 ||| READING scroll labelled HOFEYX SASCHYH.
   526 | D:2      | 526 ||| READING scroll labelled JIN MUINWO.
   527 | D:2      | 527 ||| DROPPING scroll of blinking.
   574 | D:1      | Reached XP level 3. HP: 9/21 MP: 7/7
   575 | D:1      | HP: 4/21 [poisoned by a goblin]
   577 | D:1      | HP: 1/21 [poisoned by a goblin]
   578 | D:1      | Succumbed to a goblin's poison

Levels and vault maps discovered:
D:1:      psy_arrival_basics, layout_rooms
D:2:      minmay_roachtagon, layout_loops_ring,
          hellmonk_ecumenical_altar_heavens_door

Skill      XL: |  1  2 |
---------------+-------+-----
Axes           | 3 |  3.9
Fighting       | |  2.0
Throwing       | |  1.0
Armour         | |  1.1
Dodging        | |  2.1
Spellcasting   | |  2.0
Translocations | |  2.4

Action                   || total
-------------------------++-------
Melee: Hand axe          ||    39
       Kick              ||    10
       Peck              ||     7
Throw: Boomerang         ||     7
  Use: Scroll            ||     2
Armor: Leather armour    ||    10
Dodge: Dodged            ||    16

Table legend:
 A = Non-vault XP
 B = Vault XP
 C = Vault XP percentage of total XP
 D = Non-vault monster count
 E = Vault monster count
 F = Vault count percentage of total count
                 A         B        C        D         E       F
            +---------+---------+-------+---------+---------+-------
      Total |      41 |       0 |   0.0 |      22 |       0 |   0.0
            +---------+---------+-------+---------+---------+-------
        D:1 |      25 |       0 |   0.0 |      15 |       0 |   0.0
        D:2 |      16 |       0 |   0.0 |       7 |       0 |   0.0
            +---------+---------+-------+---------+---------+-------
